 Dungeon Crawl Stone Soup version 0.23.2-1-ga50397a6bc (webtiles) character file.

Game seed: 2278729364959029441

111 Mrkan the Ruffian (level 4, -4/44 HPs)
             Began as a Troll Monk on May 22, 2019.
             Was a Believer of Wu Jian.
             Slain by an orc
             ... wielding a +0 hand axe
              (7 damage)
             ... on level 4 of the Dungeon.
             The game lasted 00:05:47 (1915 turns).

Mrkan the Ruffian (Troll Monk)                      Turns: 1915, Time: 00:05:47

Health: -4/44      AC:  6    Str: 19    XL:     4   Next: 62%
Magic:  3/3        EV: 10    Int:  6    God:    Wu Jian [**....]
Gold:   113        SH:  0    Dex: 13    Spells: 3/3 levels left

rFire    . . .     SeeInvis .     - Unarmed
rCold    . . .     Gourm    +   (no shield)
rNeg     . . .     Faith    .   a - +0 robe
rPois    .         Spirit   .   (helmet restricted)
rElec    .         Reflect  .   (no cloak)
rCorr    .         Harm     .   (gloves unavailable)
MR       .....                  (boots unavailable)
Stlth    +.........             (no amulet)
HPRegen  0.54/turn              (no ring)
MPRegen  0.08/turn              (no ring)

@: confused
A: large, unfitting armour, claws 3, fast metabolism 3, gourmand, regeneration
1, shaggy fur 1, tough skin 3
a: Wall Jump, Renounce Religion


You were on level 4 of the Dungeon.
You worshipped Wu Jian.
Wu Jian was pleased with you.
You were not hungry.

You visited 2 branches of the dungeon, and saw 4 of its levels.

You collected 113 gold pieces.

Inventory:

Armour
 a - a +0 robe (worn)
 k - a +0 cloak
Scrolls
 c - 3 scrolls of teleportation {unknown}
 d - 4 scrolls of identify {unknown}
 e - a scroll of immolation {unknown}
 f - a scroll of remove curse {unknown}
 j - a scroll of fog {unknown}
 l - a scroll of amnesia {unknown}
 n - a scroll of blinking {unknown}
Potions
 g - a potion of flight {unknown}
 h - a potion of heal wounds {unknown}
 i - a potion of magic {unknown}
 m - a potion of degeneration {unknown}
 o - a potion of berserk rage {unknown}
Comestibles
 b - a ration


   Skills:
 - Level 2.4 Fighting
 - Level 2.4 Dodging
 - Level 1.0 Stealth
 * Level 5.4 Unarmed Combat


You had 3 spell levels left.
You didn't know any spells.
Your spell library was empty.

Dungeon Overview and Level Annotations

Branches:
Dungeon (4/15)             Temple (1/1) D:4

Altars:
Cheibriados
Dithmenos
Fedhas
Gozag
Hepliaklqana
Makhleb
Nemelex Xobeh
Okawaru
Qazlal
Sif Muna
Trog
Uskayaw
Vehumet
Wu Jian
Xom
Yredelemnul
Zin
The Shining One


Innate Abilities, Weirdness & Mutations

You are too large for most types of armour.
You have claws for hands.
Your metabolism is lightning-fast.
You like to eat raw meat.
Your natural rate of healing is unusually fast.
You are covered in fur. (AC +1)
You have extremely tough skin. (AC +3)


Message History

You claw the orc!
You kill the orc!
The Council accepts your kill.
You repeatedly attack the orc from above.
You barely miss the orc. x2; The orc hits you but does no damage.
Something hits you but does no damage. The orc misses you.
You hear some strange, mumbled words.
You are confused.
You scratch something. The orc hits you but does no damage. Something hits you.
* * * LOW HITPOINT WARNING * * *
You claw the worm!
The worm is severely wounded.
The orc closely misses you. Something hits you.
* * * LOW HITPOINT WARNING * * *
The worm bites you but does no damage.
You claw the worm!
You kill the worm!
The Council accepts your kill. The orc hits you with a +0 hand axe!
You die...

. #≈≈≈≈≈≈≈≈≈#..#
..#≈#.....#≈#..#
#..≈.......≈...#
#..≈.......≈...#
#..≈...>...≈...#
#..≈.......≈...#
#..≈.......≈...#
#.#≈#.....#)#.)## #
#≈≈≈≈≈≈≈≈≈#){@#
###.....###)o.#
.................
...................
"....#.............
#######............
##$.....(....
#.........###


You could see an orc.

Vanquished Creatures
  2 orc priests (D:4)
  2 oozes (D:1)
  An adder skeleton (D:4)
  2 worms
  A dart slug (D:1)
  2 orcs (D:4)
  A giant cockroach (D:4)
  6 goblins (D:1)
  A hobgoblin (D:1)
  2 jackals (D:1)
  3 kobolds (D:1)
  5 bats
  2 frilled lizards
  3 rats (D:1)
33 creatures vanquished.

Notes
Turn   | Place    | Note
-------+----------+-------------------------------------------
     0 | D:1      | Mrkan the Troll Monk began the quest for the Orb.
     0 | D:1      | Reached XP level 1. HP: 22/22 MP: 0/0
   258 | D:1      | Reached XP level 2. HP: 29/29 MP: 1/1
   510 | D:1      | Reached skill level 4 in Unarmed Combat
   866 | D:1      | Reached XP level 3. HP: 31/36 MP: 2/2
  1609 | D:2      | You fall through a shaft for 2 floors!
  1609 | D:4      | Found an opulent altar of Gozag.
  1671 | D:4      | Found a staircase to the Ecumenical Temple.
  1680 | Temple   | Entered the Ecumenical Temple
  1807 | Temple   | Became a worshipper of the Wu Jian Council
  1807 | Temple   | Reached * piety under Wu Jian
  1807 | Temple   | Reached ** piety under Wu Jian
  1898 | D:4      | Reached skill level 5 in Unarmed Combat
  1898 | D:4      | Reached XP level 4. HP: 36/44 MP: 3/3
  1914 | D:4      | HP: 2/44 [something (1)]
  1915 | D:4      | Slain by an orc

Skill      XL: |  1  2  3 |
---------------+----------+-----
Unarmed Combat | 4 5 |  5.4
Fighting       | |  2.4
Dodging        | |  2.4
Stealth        | |  1.0

Action                   |  1- 3 |  4- 6 || total
-------------------------+-------+-------++-------
Melee: Unarmed           |    60 |    14 ||    74
       Punch             |     1 |       ||     1
Invok: Lunge             |       |     1 ||     1
 Abil: Wall Jump         |       |     1 ||     1
 Stab: Sleeping          |     2 |       ||     2
  Eat: Chunk             |     5 |       ||     5
       Ration            |     3 |       ||     3
Armor: Robe              |    18 |     7 ||    25
Dodge: Dodged            |    31 |     6 ||    37
